 Dungeon Crawl Stone Soup version 0.26.0-10-g1f06aea511 (webtiles) character file.

Game seed: 8657801417695299172

120576 Aviak the Fighter (level 16, 0/134 HPs)
             Began as a Merfolk Conjurer on Jan 22, 2021.
             Was the Champion of Okawaru.
             Slain by a redback (10 damage)
             ... while paralysed by a hornet
             ... on level 4 of the Spider Nest.
             The game lasted 01:05:11 (33678 turns).

Aviak the Fighter (Merfolk Conjurer)               Turns: 33678, Time: 01:05:11

Health: 0/134      AC: 15    Str: 17    XL:     16   Next: 82%
Magic:  25/25      EV:  2    Int: 19    God:    Okawaru [******]
Gold:   3993       SH:  0    Dex: 26    Spells: 18/27 levels left

rFire    + . .     SeeInvis .   q - +9 demon trident (freeze)
rCold    . . .     Faith    .   L - +2 kite shield {AC+3}
rNeg     . . .     Spirit   .   A - +1 leather armour of Rodur {Will++ Regen+ Str+5}
rPois    +         Reflect  .   O - +0 hat
rElec    +         Harm     .   I - +2 cloak of Qazlal's Pride {rElec rF+ rCorr MP-9}
rCorr    +         Rampage  .   m - +0 pair of gloves {Dex+3}
Will     +++..                  b - +1 pair of boots
Stlth    ++........             g - amulet of regeneration
HPRegen  1.12/turn              z - ring "Ebrec" {MP+9 Str+4 Dex+6 Stlth+}
MPRegen  0.19/turn              P - ring of poison resistance

@: confused, paralysed, lethally poisoned (0 -> -1), about to teleport, slowed
A: change form in water, swift swim, stealthy swim
a: Renounce Religion, Heroism, Finesse


You were on level 4 of the Spider Nest.
You worshipped Okawaru.
Okawaru was exalted by your worship.
You visited 4 branches of the dungeon, and saw 27 of its levels.
You also visited: Gauntlet and Ice Cave.

You collected 4900 gold pieces.
You spent 907 gold pieces at shops.

Inventory:

Hand Weapons
 q - a +9 demon trident of freezing (weapon)
Armour
 b - a +1 pair of boots (worn)
 k - the +1 leather armour of Orhiekha {rPois rC+}
   (You found it on level 15 of the Dungeon)

   It protects you from cold.
   It protects you from poison.
 m - a +0 pair of gloves of dexterity (worn)
 p - a +1 tower shield of protection
 A - the +1 leather armour of Rodur (worn) {Will++ Regen+ Str+5}
   (You found it in a Gauntlet)

   It affects your strength (+5).
   It affects your willpower, your defense against some magical effects.
   It increases your rate of regeneration.
 I - the +2 cloak of Qazlal's Pride (worn) {rElec rF+ rCorr MP-9}
   (You found it in a Gauntlet)

   It protects you from fire.
   It insulates you from electricity.
   It affects your magic capacity (-9).
   It provides partial protection from all sources of acid and corrosion.
 L - a +2 kite shield of protection (worn)
 O - a +0 hat (worn)
Jewellery
 e - a +4 ring of protection
 g - an amulet of regeneration (around neck)
 z - the ring "Ebrec" (left hand) {MP+9 Str+4 Dex+6 Stlth+}
   (You found it on level 7 of the Dungeon)

   [ring of dexterity]

   It affects your strength (+4).
   It affects your dexterity (+6).
   It affects your magic capacity (+9).
   It makes you more stealthy.
 E - an uncursed ring of resist corrosion
 F - an uncursed ring of protection from fire
 P - a ring of poison resistance (right hand)
 R - the ring of the Crown {Wiz *Corrode +Fly Dex+4}
   (You acquired it on level 12 of the Dungeon)

   [ring of wizardry]

   It improves your spell success rate.
   It affects your dexterity (+4).
   It lets you fly.
   It may corrode you when you take damage.
Wands
 i - a wand of digging (6)
 N - a wand of iceblast (46)
 T - a wand of acid (10)
 Y - a wand of paralysis (4)
 Z - a wand of flame (17)
Scrolls
 a - 5 scrolls of enchant armour
 j - 3 scrolls of immolation
 r - 11 scrolls of remove curse
 s - 4 scrolls of summoning {!r}
 t - 9 scrolls of teleportation
 u - a scroll of vulnerability {unknown}
 x - 4 scrolls of blinking
 y - 6 scrolls of magic mapping
 C - 5 scrolls of amnesia
 J - 2 scrolls of enchant weapon
 Q - 6 scrolls of fog
 W - 3 scrolls of silence {unknown}
 X - 4 scrolls of fear
Potions
 c - 17 potions of curing
 d - 2 potions of attraction
 f - 4 potions of haste
 h - 8 potions of heal wounds
 l - 2 potions of cancellation
 n - 3 potions of might
 o - a potion of ambrosia
 v - 4 potions of flight
 w - 3 potions of brilliance
 B - a potion of berserk rage
 G - a potion of invisibility
 K - 2 potions of resistance
 S - 2 potions of mutation {unknown}
Miscellaneous
 D - a condenser vane (inert)
 H - a phantom mirror
 M - a lightning rod (4/4)
 V - a phial of floods (inert)


   Skills:
 - Level 14.6 Fighting
 - Level 14.5 Polearms
 - Level 7.6 Armour
 - Level 14.0 Dodging
 - Level 2.1 Stealth
 + Level 11.9 Shields
 - Level 6.0 Spellcasting
 - Level 6.0 Conjurations
 + Level 9.7 Transmutations
 + Level 6.1 Earth Magic
 - Level 9.0 Invocations


You had 18 spell levels left.
You knew the following spells:

 Your Spells              Type           Power        Failure   Level
a - Magic Dart            Conj           100%         1%          1
b - Searing Ray           Conj           56%          2%          2
c - Statue Form           Tmut/Erth      23%          75%         6

Your spell library contained the following spells:

 Spells                   Type           Power        Failure   Level
 Sting                    Tmut/Pois      96%          2%          1
 Ignite Poison            Fire/Tmut/Pois 18%          16%         3
 Conjure Flame            Conj/Fire      17%          17%         3
 Dazzling Flash           Conj/Hex       34%          17%         3
 Freeze                   Ice            20%          19%         1
 Summon Small Mammal      Summ           20%          19%         1
 Irradiate                Conj/Tmut      17%          22%         5
 Mephitic Cloud           Conj/Pois/Air  13%          26%         3
 Ice Form                 Ice/Tmut       24%          26%         4
 Blink                    Tloc           N/A          28%         2
 Call Imp                 Summ           5%           28%         2
 Poisonous Vapours        Pois/Air       10%          28%         2
 Slow                     Hex            5%           28%         2
 Hydra Form               Tmut           21%          47%         6
 Call Canine Familiar     Summ           5%           50%         3
 Frozen Ramparts          Ice            10%          50%         3
 Ozocubu's Armour         Ice            5%           50%         3
 Portal Projectile        Hex/Tloc       10%          50%         3
 Summon Guardian Golem    Hex/Summ       5%           50%         3
 Vampiric Draining        Necr           2%           50%         3
 Fulminant Prism          Conj/Hex       8%           50%         4
 Hailstorm                Conj/Ice       17%          50%         4
 Iskenderun's Mystic Bla  Conj/Tloc      17%          50%         4
 Olgreb's Toxic Radiance  Pois           5%           88%         4
 Passage of Golubria      Tloc           N/A          88%         4
 Summon Ice Beast         Ice/Summ       5%           88%         4
 Summon Lightning Spire   Summ/Air       5%           88%         4
 Dragon Form              Tmut           21%          96%         7
 Metabolic Englaciation   Hex/Ice        2%           99%         5
 Freezing Cloud           Conj/Ice/Air   6%           100%        6
 Ozocubu's Refrigeration  Ice            2%           100%        6
 Simulacrum               Ice/Necr       2%           100%        6
 Malign Gateway           Summ/Tloc      2%           100%        7


Dungeon Overview and Level Annotations

Branches:
Dungeon (15/15)            Temple (0/1) D:6            Lair (6/6) D:9
 Shoals (0/4) Lair:4       Spider (4/4) Lair:4        Slime (0/5) Lair:5
    Orc (2/2) D:10            Elf (0/3) Orc:2        Vaults (0/5) D:13
 Depths (0/5) D:15          IceCv (visited)         Gauntlet (visited)

Altars:
Okawaru
Trog
Uskayaw
Xom
Zin
Beogh

Shops:
D:10 }   D:15 *   Orc:1 *   Orc:2 *:[(

Annotations:
D:5 3 runed translucent doors, Sassenached's ghost, novice SpWn
D:9 1 runed translucent door, Dirian's ghost, novice MiFi
Lair:1 exclusion: 3 oklob plants
Lair:6 2 runed translucent doors


Message History

You block the hornet's attack. x2; The jumping spider leaps!
The redback misses you.
Unknown command.
Unknown command.
As you read the scroll of teleportation, it crumbles to dust.
You feel strangely unstable.
You feel very sick.
The hornet is no longer waterlogged.
You block the redback's attack. The hornet barely misses you.
The hornet stings you!
* * * LOW HITPOINT WARNING * * *
You suddenly lose the ability to move!
The redback bites you but does no damage.
The tarantella bites you.
* * * LOW HITPOINT WARNING * * *
You are confused.
The hornet stings you.
* * * LOW HITPOINT WARNING * * *
You feel as though you will be slow longer.
The redback bites you!
You die...

#.....#...†........
.............^......
..............###...
#..........s..^.....
#...................
^......#..°#......#
...........#..^.../
....#...yys..##....
.#......@#....s..#.
^......ssss........
#^.........#....^.
##.^..|.....s?..°.
.#.....†....w.....
#.....##.....#.^...
#.....?.........#..
..^$...$^..........
##.#...............


You could see a torpor snail, a wolf spider, 2 hornets, a jumping spider, a
tarantella and 4 redbacks.

Vanquished Creatures
  Saint Roka (Orc:1)
  Arachne (Spider:4)
  Jorgrun (Orc:2)
  Frances (D:14)
  Agnes (D:14)
  Gastronok (Lair:2)
  A minotaur (Gauntlet)
  2 entropy weavers
  Snorg (D:12)
  The ghost of Usytu the Thaumaturge, a journeyman DECj of Sif Muna (Lair:4)
  Fannar (Lair:3)
  6 vault guards (D:13)
  A yaktaur captain (D:15)
  2 catoblepae
  3 boulder beetles
  6 hydras
  6 centaur warriors
  8 two-headed ogres
  An ogre mage (D:15)
  A tengu warrior (D:15)
  2 orc high priests (Orc:2)
  A fire crab (Lair:6)
  An unseen horror (D:13)
  A necromancer (IceCv)
  3 orc knights (Orc:2)
  2 deep elf magi
  12 orb spiders
  5 orc sorcerers
  A moth of wrath (Gauntlet)
  4 cyclopes
  8 wolf spiders
  2 manticores
  8 elephants
  2 molten gargoyles (Lair:6)
  4 black mambas (Lair:6)
  Joseph (D:7)
  2 ice statues (IceCv)
  Maggie (D:7)
  7 cane toads
  2 gargoyles
  9 rime drakes
  14 komodo dragons
  10 ice devils (IceCv)
  A tengu conjurer (D:15)
  2 freezing wraiths
  2 yaktaurs
  2 demonic crawlers
  19 jumping spiders
  5 trolls
  3 polar bears
  4 hornets
  9 slime creatures
  5 blink frogs (Lair:6)
  6 dream sheep (Lair:5)
  11 tarantellas
  47 redbacks
  5 humans (D:13)
  2 shadows
  31 yaks
  3 wraiths
  4 wyverns
  5 basilisks
  A fire elemental (Lair:6)
  2 steam dragons (Lair:6)
  Menkaure (D:4)
  A soldier ant (D:15)
  4 wargs
  2 acid dragons
  27 water moccasins
  A hydra simulacrum (Lair:4)
  3 hell hounds (Lair:6)
  2 swamp drakes
  23 orc warriors
  4 sky beasts
  3 black bears
  8 phantoms
  A black bear (shapeshifter) (D:14)
  2 black mamba simulacra (Lair:4)
  2 necrophages
  10 ogres
  4 centaurs
  7 wolves
  26 bullfrogs
  7 scorpions
  15 killer bees
  12 wights
  A torpor snail simulacrum (Lair:4)
  3 electric eels
  5 lava snakes (Lair:6)
  2 bullfrog zombies
  5 centaur zombies
  4 draconian simulacra (IceCv)
  19 orc priests
  A wyvern simulacrum (Lair:4)
  6 hounds
  3 bullfrog skeletons
  A gnoll shaman (D:8)
  4 jellies
  3 centaur skeletons
  3 iguanas
  17 orc wizards
  3 troll simulacra (IceCv)
  A polar bear simulacrum (Lair:4)
  8 worker ants
  A spriggan simulacrum (IceCv)
  A hound skeleton (D:10)
  Robin (D:3)
  2 howler monkey skeletons (D:4)
  An ogre simulacrum (IceCv)
  33 adders
  15 gnolls
  A naga simulacrum (IceCv)
  6 shadow imps
  3 white imps
  2 oozes
  3 adder zombies
  An adder skeleton (D:9)
  3 worms
  2 dart slugs
  4 leopard geckos
  65 orcs
  A ball python (D:1)
  9 giant cockroaches
  14 goblins
  12 hobgoblins
  5 jackals
  10 kobolds
  5 quokkas
  7 bats
  5 frilled lizards
  2 jackal skeletons
  6 rats
  A butterfly (Lair:2)
792 creatures vanquished.

Vanquished Creatures (collateral kills)
  A molten gargoyle (Lair:6)
1 creature vanquished.

Vanquished Creatures (others)
  A vault guard (D:13)
  A jumping spider (Spider:2)
  2 wolves (Lair:6)
  72 fungi
  68 plants
144 creatures vanquished.

Grand Total: 937 creatures vanquished

Notes
Turn   | Place    | Note
-------+----------+-------------------------------------------
     0 | D:1      | Aviak the Merfolk Conjurer began the quest for the Orb.
     0 | D:1      | Reached XP level 1. HP: 13/13 MP: 3/3
   300 | D:1      | Reached skill level 1 in Fighting
   371 | D:1      | Reached XP level 2. HP: 21/21 MP: 1/5
  1443 | D:1      | Learned a level 2 spell: Searing Ray
  1675 | D:2      | Reached XP level 3. HP: 22/27 MP: 1/6
  1920 | D:2      | Reached skill level 1 in Polearms
  2496 | D:2      | Reached XP level 4. HP: 34/34 MP: 1/7
  2699 | D:2      | Found an iron altar of Okawaru.
  2865 | D:2      | Became a worshipper of Warmaster Okawaru
  3606 | D:3      | Found Zin's Purification Station.
  3606 | D:3      | Found a glowing silver altar of Zin.
  3634 | D:3      | Bought a potion of curing for 90 gold pieces
  3706 | D:3      | Reached XP level 5. HP: 32/39 MP: 2/8
  3724 | D:3      | Reached skill level 1 in Invocations
  3915 | D:3      | Found a bloodstained altar of Trog.
  3916 | D:3      | Found a hide-covered altar of Uskayaw.
  4027 | D:3      | Found a faded altar of an unknown god.
  4520 | D:3      | Noticed Robin
  4530 | D:3      | Killed Robin
  4952 | D:4      | Noticed an ogre
  4966 | D:4      | Killed an ogre
  4967 | D:4      | Reached skill level 5 in Dodging
  4967 | D:4      | Reached XP level 6. HP: 47/47 MP: 9/9
  5026 | D:4      | Noticed Menkaure
  5038 | D:4      | Killed Menkaure
  5437 | D:4      | Reached XP level 7. HP: 53/53 MP: 10/10
  5716 | D:4      | Reached * piety under Okawaru
  6027 | D:5      | Entered Level 5 of the Dungeon
  6036 | D:5      | Reached skill level 5 in Polearms
  6322 | D:5      | Found a runed translucent gate.
  6322 | D:5      | Found a runed translucent gate.
  6323 | D:5      | Noticed Sassenached's ghost (novice SpWn)
  6323 | D:5      | Found a runed translucent gate.
  6324 | D:5      | Identified the +4 whip "Gioryapa" {drain, rElec rC+}
  6723 | D:5      | Reached XP level 8. HP: 61/61 MP: 11/11
  6890 | D:5      | Reached skill level 5 in Fighting
  7241 | D:5      | Reached ** piety under Okawaru
  7654 | D:6      | Found a staircase to the Ecumenical Temple.
  8147 | D:6      | Reached skill level 5 in Invocations
  8709 | D:7      | Noticed Joseph
  8724 | D:7      | Killed Joseph
  8725 | D:7      | Reached XP level 9. HP: 22/71 MP: 5/13
  8989 | D:7      | Reached *** piety under Okawaru
  9560 | D:7      | Got a coiled steel ring
  9760 | D:7      | Noticed Maggie
  9790 | D:7      | Killed Maggie
 10050 | D:7      | Reached **** piety under Okawaru
 10328 | D:7      | Noticed a komodo dragon
 10352 | D:7      | Killed a komodo dragon
 10353 | D:7      | Reached XP level 10. HP: 19/80 MP: 9/15
 10722 | D:8      | Reached skill level 10 in Polearms
 10722 | D:8      | Reached skill level 10 in Dodging
 10868 | D:8      | Identified the ring "Ebrec" {MP+9 Str+4 Dex+6 Stlth+} (You
                  | found it on level 7 of the Dungeon)
 11299 | D:8      | Reached ***** piety under Okawaru
 11414 | D:9      | Noticed a two-headed ogre
 11575 | D:9      | Noticed a two-headed ogre
 11588 | D:9      | Killed a two-headed ogre
 11782 | D:9      | Killed a two-headed ogre
 11782 | D:9      | Received a gift from Okawaru
 11782 | D:9      | Received a gift from Okawaru
 11783 | D:9      | Reached XP level 11. HP: 34/89 MP: 5/17
 12132 | D:9      | Found a staircase to the Lair.
 12915 | D:9      | Found a runed translucent door.
 12915 | D:9      | Found a shimmering altar of Xom.
 12915 | D:9      | Noticed Dirian's ghost (novice MiFi)
 12915 | D:9      | Noticed a +0 morningstar of chaos
 13108 | D:10     | Entered Level 10 of the Dungeon
 13163 | D:10     | Found Lurph's Gadget Emporium.
 13163 | D:10     | Noticed a two-headed ogre
 13177 | D:10     | Reached skill level 1 in Armour
 13187 | D:10     | Killed a two-headed ogre
 13423 | D:10     | Bought a lightning rod (4/4) for 330 gold pieces
 13423 | D:10     | Bought a wand of iceblast (5) for 99 gold pieces
 13423 | D:10     | Bought a wand of iceblast (6) for 110 gold pieces
 13582 | D:10     | Found a staircase to the Orcish Mines.
 13688 | D:10     | Noticed a manticore
 13707 | D:10     | Killed a manticore
 13708 | D:10     | Reached skill level 1 in Shields
 13978 | D:10     | Got a scorched hand axe
 13979 | D:10     | Identified the +6 hand axe of Immorality {venom, +Rage rC+
                  | Int-3 SInv} (You found it on level 10 of the Dungeon)
 14062 | D:10     | Reached skill level 10 in Fighting
 14419 | Lair:1   | Entered Level 1 of the Lair of Beasts
 14751 | Lair:1   | Noticed an oklob plant
 14859 | Lair:1   | Noticed an oklob plant
 14859 | Lair:1   | Noticed an oklob plant
 14919 | Lair:1   | Noticed a five-headed hydra
 14928 | Lair:1   | Killed a five-headed hydra
 15079 | Lair:1   | Received a gift from Okawaru
 15089 | Lair:1   | Reached XP level 12. HP: 74/98 MP: 8/18
 15097 | Lair:1   | Got a sheer robe {god gift}
 15108 | Lair:1   | Identified the +2 robe "Muprijut" {MP+9 Slay+3} (Okawaru
                  | gifted it to you on level 1 of the Lair of Beasts)
 16028 | Lair:2   | Noticed Gastronok
 16049 | Lair:2   | Killed Gastronok
 16316 | Lair:2   | Noticed a catoblepas
 16403 | Lair:2   | Killed a catoblepas
 16987 | Lair:3   | Noticed Fannar
 17048 | Lair:3   | Killed Fannar
 17993 | Lair:4   | Found a staircase to the Shoals.
 18023 | Lair:4   | Found a runed translucent gate.
 18023 | Lair:4   | Found a runed translucent gate.
 18024 | Lair:4   | Found a runed translucent gate.
 18079 | Lair:4   | You fall into a shaft and drop 1 floor!
 18195 | Lair:5   | Noticed a four-headed hydra
 18220 | Lair:5   | Killed a four-headed hydra
 18220 | Lair:5   | Received a gift from Okawaru
 18358 | Lair:5   | Noticed an eight-headed hydra
 18479 | Lair:4   | Reached XP level 13. HP: 102/107 MP: 19/19
 18575 | Lair:4   | Found a hole to the Spider Nest.
 18821 | Lair:4   | Noticed Usytu's ghost (journeyman DECj)
 19903 | Lair:5   | Reached skill level 5 in Shields
 20334 | Lair:5   | Found a staircase to the Slime Pits.
 20638 | Lair:6   | Entered Level 6 of the Lair of Beasts
 20751 | Lair:6   | Received a gift from Okawaru
 21503 | Lair:6   | Reached skill level 5 in Conjurations
 21683 | Lair:6   | Reached skill level 5 in Armour
 21887 | Lair:6   | Reached ****** piety under Okawaru
 21904 | Lair:6   | Received a gift from Okawaru
 22062 | Lair:6   | Found a large runed translucent door.
 22062 | Lair:6   | Noticed a fire dragon
 22288 | Lair:6   | Reached XP level 14. HP: 37/116 MP: 20/20
 22483 | Lair:6   | Found a large runed translucent door.
 23733 | Lair:4   | Killed Usytu's ghost
 23979 | Orc:1    | Entered Level 1 of the Orcish Mines
 24137 | Orc:1    | Found Impoopt's General Store.
 24342 | Orc:2    | Entered Level 2 of the Orcish Mines
 24445 | Orc:2    | Found a roughly hewn altar of Beogh.
 24490 | Orc:2    | Found a staircase to the Elven Halls.
 24544 | Orc:2    | Found a gate leading to a gauntlet.
 24554 | Gauntlet | Entered a Gauntlet
 24554 | Gauntlet | Found a transporter.
 24554 | Gauntlet | Found a transporter.
 24554 | Gauntlet | Found a transporter.
 24554 | Gauntlet | Found a runed translucent gate.
 24581 | Gauntlet | Found a transporter.
 24594 | Gauntlet | Found a transporter.
 24596 | Gauntlet | Found a transporter.
 24606 | Gauntlet | Found a transporter.
 24623 | Gauntlet | Found a transporter.
 24637 | Gauntlet | Found a transporter.
 24640 | Gauntlet | Found a transporter.
 24648 | Gauntlet | Found a transporter.
 24651 | Gauntlet | Found a transporter.
 24653 | Gauntlet | Found a runed translucent gate.
 24653 | Gauntlet | Found a runed translucent gate.
 25103 | Gauntlet | Got a glimmering cloak
 25109 | Gauntlet | Identified the +2 cloak of Qazlal's Pride {rElec rF+ rCorr
                  | MP-9} (You found it in a Gauntlet)
 25189 | Gauntlet | Identified Ebbyiwaw's Catalogue of Stolen Souls and the
                  | Traveller
 25193 | Gauntlet | Got a warped leather armour
 25204 | Gauntlet | Identified the +1 leather armour of Rodur {Will++ Regen+
                  | Str+5} (You found it in a Gauntlet)
 25340 | Orc:1    | Received a gift from Okawaru
 25456 | Orc:2    | Noticed Saint Roka
 25585 | Orc:1    | Killed Saint Roka
 25704 | Orc:2    | Found a roughly hewn altar of Beogh.
 25772 | Orc:2    | Found Haroc's Book Emporium.
 25778 | Orc:2    | Found Nexkaxihe's General Store.
 25855 | Orc:2    | Noticed Jorgrun
 25884 | Orc:2    | Killed Jorgrun
 25965 | Orc:2    | Found Ponel's Antique Armour Emporium.
 25973 | Orc:2    | Bought a glowing tower shield for 157 gold pieces
 26230 | Orc:2    | Found Daghusy's Antique Weapon Emporium.
 26929 | D:11     | You fall into a shaft and drop 3 floors!
 26966 | D:14     | Reached XP level 15. HP: 51/126 MP: 21/21
 27041 | D:13     | Received a gift from Okawaru
 27146 | D:13     | Found a frozen archway.
 27157 | IceCv    | Entered an ice cave
 27619 | IceCv    | Learned a level 6 spell: Statue Form
 27725 | IceCv    | Got an encrusted plate armour
 27782 | IceCv    | Identified the +6 plate armour "Utus" {Str+4 SInv} (You
                  | found it in an ice cave)
 27867 | D:13     | Reached skill level 1 in Transmutations
 28123 | D:12     | Noticed Snorg
 28149 | D:12     | Killed Snorg
 28242 | D:12     | Reached skill level 1 in Earth Magic
 28416 | D:12     | Identified 3 scrolls of acquirement
 28423 | D:12     | Acquired 1150 gold pieces
 28425 | D:12     | Acquired 618 gold pieces
 28427 | D:12     | Acquired the ring of the Crown {Wiz *Corrode +Fly Dex+4}
 28921 | D:13     | Received a gift from Okawaru
 28936 | D:13     | Reached skill level 10 in Shields
 29005 | D:13     | Found a gate to the Vaults.
 29127 | D:14     | Noticed Agnes
 29127 | D:14     | Noticed Frances
 29148 | D:14     | Killed Agnes
 29179 | D:14     | Killed Frances
 29179 | D:14     | Received a gift from Okawaru
 29360 | D:14     | Reached skill level 5 in Transmutations
 29885 | D:15     | Entered Level 15 of the Dungeon
 29908 | D:15     | Found Koalurgh's General Store.
 29911 | D:15     | Bought a scroll of identify for 22 gold pieces
 29911 | D:15     | Bought 2 potions of curing for 66 gold pieces
 29911 | D:15     | Bought a potion of curing for 33 gold pieces
 30236 | D:15     | Reached XP level 16. HP: 134/134 MP: 23/23
 30350 | D:15     | Got a faintly glowing leather armour
 30361 | D:15     | Identified the +1 leather armour of Orhiekha {rPois rC+}
                  | (You found it on level 15 of the Dungeon)
 30545 | D:15     | Reached skill level 5 in Spellcasting
 30805 | D:15     | Received a gift from Okawaru
 30808 | D:15     | Found a staircase to the Depths.
 31056 | Spider:1 | Entered Level 1 of the Spider Nest
 32165 | Spider:2 | Received a gift from Okawaru
 32166 | Spider:2 | Reached skill level 5 in Earth Magic
 33514 | Spider:4 | Entered Level 4 of the Spider Nest
 33630 | Spider:4 | Noticed Arachne
 33647 | Spider:4 | Killed Arachne
 33678 | Spider:4 | Paralysed by a hornet for 2 turns
 33678 | Spider:4 | Slain by a redback

Illustrated notes

Levels and vault maps discovered:
D:1:      lightli_arrival_statuegarden, layout_basic, minivault_11,
          minmay_pentomino_t2
D:2:      layout_loops_ring, lemuel_round_altar
D:3:      layout_basic, zin_purify, gammafunk_temple_overflow_statue,
          chequers_ecumenical_altar_simple, minmay_starry_boxes, uniq_robin
D:4:      layout_loops_corners, minmay_cut_off, uniq_menkaure
D:5:      layout_loops_corners, gammafunk_ghost_nasty_kobolds,
          guppyfry_early_orc_mine
D:6:      layout_loops_ring, minmay_temple_entry_overgrown,
          kennysheep_small_spiral
D:7:      layout_basic, lightli_minifort, uniq_joseph, uniq_maggie
D:8:      layout_rooms, st_stairs_8
D:9:      layout_loops_ring, due_lair_maze_entry_diamond, ebering_ghost_xom,
          hive_lemuel
D:10:     layout_roguey, erik_orc_3, serial_shops, shop
D:11:     layout_irregular_city
D:12:     layout_roguey, uniq_snorg
D:13:     layout_cave_pools, ximxim_vaults_locker_room, portal_ice_cave_rime,
          minmay_misc_feat_nine_boxes
D:14:     minmay_the_grid_octo_tiled_squarecenter_mashed
          [minmay_the_grid_octo_empty, minmay_the_grid_octo_tetromino_candy,
          minmay_the_grid_octo_horde, minmay_the_grid_octo_empty,
          minmay_the_grid_square_5x5_megaprize_hollow,
          minmay_the_grid_square_5x5_checkered, minmay_the_grid_square_5x5_c,
          minmay_the_grid_square_5x5_minibox,
          minmay_the_grid_square_5x5_shrine1], layout_loops_ring,
          minmay_misc_feat_chi, uniq_agnes, uniq_frances
D:15:     grunt_enter_depths_snipers, layout_loops_corners, serial_shops, shop,
          chequers_serial_rivers_large_a
Lair:1:   layout_long_grid, grunt_megastairs_1, minmay_lair_oklob_chamber,
          infiniplex_staircase_pool
Lair:2:   layout_roguey, serial_bayou_shore_b, grunt_megastairs_3,
          lemuel_fruit_fields, uniq_gastronok
Lair:3:   layout_hall_layers, uniq_fannar
Lair:4:   layout_roguey, elwin_shoals_entry_rocks, spider_nest_entry_rubble,
          gammafunk_ghost_icy
Lair:5:   lemuel_reptile_caves, layout_cave_pods, slime_dummy, minivault_26
Lair:6:   cheibrodos_lair_end_hotspot, layout_gridlike, guppyfry_lair_drakes,
          serial_bayou_shore_b
Spider:1: layout_spider_delve, drop_trap
Spider:2: layout_spider_delve
Spider:3: layout_chambers
Spider:4: grunt_spider_rune_parallel, guppyfry_spider_mini_3, uniq_arachne
Orc:1:    layout_caves, serial_shops,
          nicolae_shop_temple_entry_statues_fountains
Orc:2:    grunt_orc_cross, layout_caves, gauntlet_entry_generic,
          nicolae_orc_sculptors_studio, mines2_david, uniq_jorgrun

Skill      XL: |  1  2  3  4  5  6  7  8  9 10 11 12 13 14 15 16 |
---------------+-------------------------------------------------+-----
Dodging        | 3 4 5 6 8 9 11 12 13 14 | 14.0
Fighting       | 1 2 3 4 6 7 9 10 11 12 14 | 14.6
Polearms       | 1 2 3 4 5 8 9 11 12 14 | 14.5
Invocations    | 2 3 5 7 8 9 |  9.0
Armour         | 1 3 5 7 |  7.6
Shields        | 3 4 6 9 10 11 | 11.9
Conjurations   | 5 6 |  6.0
Transmutations | 6 9 |  9.7
Earth Magic    | 3 6 |  6.1
Spellcasting   | 4 6 |  6.0
Stealth        | |  2.1

Action                   |  1- 3 |  4- 6 |  7- 9 | 10-12 | 13-15 | 16-18 || total
-------------------------+-------+-------+-------+-------+-------+-------++-------
Melee: Short sword       |    22 |       |       |       |       |       ||    22
       Spear             |    16 |    47 |   131 |   593 |  1389 |       ||  2176
       Tailslap          |       |       |       |     2 |    51 |     1 ||    54
       Demon trident     |       |       |       |       |   964 |   337 ||  1301
 Cast: Magic Dart        |    52 |    87 |    14 |     8 |       |       ||   161
       Searing Ray       |     6 |    14 |    85 |   118 |    13 |       ||   236
Invok: Heroism           |       |       |     4 |     9 |    23 |       ||    36
       Finesse           |       |       |       |     2 |     5 |       ||     7
Evoke: Wand              |       |       |     5 |     2 |     6 |     3 ||    16
       Lightning rod     |       |       |       |     7 |     8 |     4 ||    19
       Phantom mirror    |       |       |       |     1 |     1 |       ||     2
       Phial of floods   |       |       |       |     1 |     2 |     1 ||     4
       Condenser vane    |       |       |       |       |     1 |     1 ||     2
  Use: Scroll            |       |     8 |     1 |    10 |    28 |     4 ||    51
       Potion            |       |     1 |     2 |       |     3 |     1 ||     7
 Stab: Sleeping          |     2 |       |     2 |     4 |    24 |    12 ||    44
       Distracted        |       |       |     1 |     3 |     6 |     3 ||    13
       Petrified         |       |       |       |     3 |       |       ||     3
       Paralysed         |       |       |       |       |     6 |       ||     6
       Confused          |       |       |       |       |     2 |       ||     2
       Invisible         |       |       |       |       |    10 |       ||    10
Armor: Robe              |     7 |     8 |       |       |       |       ||    15
       Leather armour    |       |     1 |    26 |    98 |   212 |    45 ||   382
       Acid dragon scale |       |       |       |       |     1 |       ||     1
Dodge: Dodged            |    30 |    52 |   176 |   604 |  1156 |   246 ||  2264
Block: Buckler           |       |       |       |   105 |       |       ||   105
       Kite shield       |       |       |       |       |  1028 |   219 ||  1247
